 Dungeon Crawl Stone Soup version 0.29.0-13-gc9e81de378 (webtiles) character file.

Game seed: 5407708539088302903

239 QueenGhuleh the Chopper (level 6, -4/46 HPs)
             Began as a Djinni Chaos Knight on Sept 8, 2022.
             Was a Plaything of Xom.
             Frozen to death by an endoplasm (6 damage)
             ... on level 4 of the Dungeon.
             The game lasted 00:06:42 (3071 turns).

QueenGhuleh the Chopper (Djinni Chaos Knight)       Turns: 3071, Time: 00:06:43

Health: -4/46      AC:  8    Str: 13    XL:     6   Next: 29%
Gold:   140        EV:  5    Int: 14    God:    Xom [*.....] SH: 10 Dex: 18

rFire   + + .      SeeInvis .   v - +0 war axe
rCold   x . .      Faith    .   n - +2 kite shield {rPois}
rNeg    . . .      Spirit   .   w - +0 chain mail
rPois   ∞          Reflect  .   (no helmet)
rElec   .          Harm     .   (no cloak)
rCorr   .          Rampage  .   (no gloves)
Will    .....                   (boots unavailable)
Stlth   ..........              (no amulet)
HPRegen 0.15/turn               j - +6 ring of dexterity
MPRegen 0.00/turn               (no ring)

@: mighty, flying
A: sickness immunity, fire resistance 2, cold vulnerability 1, float, innate
caster, HP casting, extra vitality 1
a: Renounce Religion


You were on level 4 of the Dungeon.
You worshipped Xom.
You were a special plaything of Xom.
You visited 1 branch of the dungeon, and saw 4 of its levels.

You collected 140 gold pieces.

Inventory:

Hand Weapons
 a - a +0 hand axe of chaos
 d - a +0 flail
 v - a +0 war axe (weapon)
Armour
 n - a +2 kite shield of poison resistance (worn)
 w - a +0 chain mail (worn)
Jewellery
 j - a +6 ring of dexterity (left hand)
Scrolls
 e - a scroll of fear {unknown}
 f - a scroll of noise {unknown}
 i - 2 scrolls of identify {unknown}
 m - 5 scrolls of teleportation {unknown}
 o - 2 scrolls of blinking {unknown}
 r - a scroll of immolation {unknown}
 s - a scroll of vulnerability {unknown}
 t - a scroll of amnesia {unknown}
Potions
 b - a potion of flight {unknown}
 g - a potion of heal wounds {unknown}
 h - a potion of magic {unknown}
 k - a potion of curing {unknown}
 l - a potion of haste {unknown}
 p - a potion of brilliance {unknown}
 q - a potion of mutation {unknown}
 u - a potion of might {unknown}
Miscellaneous
 c - a piece from Xom's chessboard (11/15) (quivered)


   Skills:
 + Level 3.6 Fighting
 + Level 4.1 Axes
 + Level 2.5 Armour
 + Level 3.0 Dodging
 + Level 0.9 Stealth
 + Level 0.8 Shields


You had 2 spell levels left.
You knew the following spells:

 Your Spells              Type           Power      Damage    Failure   Level
a - Magic Dart            Conj           0%         1d3       100%        1
b - Searing Ray           Conj           0%         2d4       100%        2
Your spell library was empty.


Dungeon Overview and Level Annotations

Branches:
Dungeon (4/15)
 Temple: D:4-7

Altars:

Shops:
D:1 (*?!*

Annotations:
D:4 Ijyb, Pikel


Innate Abilities, Weirdness & Mutations

You are immune to sickness and miasma.
You are immune to poison.
Your flesh is very heat resistant. (rF++)
You are vulnerable to cold. (rC-)
You float through the air rather than walking.
You learn spells naturally, not from books.
Your magical power is your life essence.
You have superior vitality. (+4 MHP)


Message History

You are frozen.
An endoplasm comes into view.
Pikel hits you with a +0 whip of electrocution!
You make a move on Xom's chessboard...
Ijyb appears confused.
The lemure hits you. You block the endoplasm's attack.
Pikel hits you with a +0 whip of electrocution.
You make a move on Xom's chessboard...
Pikel seems to slow down.
The lemure hits you!
The endoplasm jiggles.
The endoplasm freezes you.
You are frozen.
You feel a terrible chill!
Xom roars with laughter!
* * * LOW HITPOINT WARNING * * *
Pikel hits you with a +0 whip of electrocution.
* * * LOW HITPOINT WARNING * * *
You make a move on Xom's chessboard...
The lemure is moving more slowly.
You block the lemure's attack. The lemure hits you but does no damage.
The endoplasm hits you but does no damage.
You block the lemure's attack.
Pikel hits you with a +0 whip of electrocution.
* * * LOW HITPOINT WARNING * * *
You make a move on Xom's chessboard...
Ijyb seems to slow down.
Xom smiles on you.
You feel very mighty all of a sudden. The lemure hits you but does no damage.
The endoplasm hits you but does no damage.
You block the lemure's attack. The lemure barely misses you.
Ijyb closely misses Pikel.
You barely miss the endoplasm. You hit the lemure. You barely miss Pikel.
You slash the lemure! You hit the lemure.
The lemure stops moving altogether!
The lemure hits you.
* * * LOW HITPOINT WARNING * * *
The endoplasm hits you.
* * * LOW HITPOINT WARNING * * *
You block the lemure's attack. You block Pikel's attack.
The endoplasm freezes you.
You are frozen.
You feel a terrible chill!
Xom roars with laughter!
You die...
Xom chuckles heartily!

###### ......
#######....## ......
#..)........#+###......
#..............<.......
#......................
##..............5J......
#..............5JKg.....
#.#####........5@5##
#.#...#######.....#
..#.8.# .. #.....#
###...###.> #.....#
........... #.....#
.⌠........# #.....#
.)))......# #.....#
###.......# ##.####
#........


You could see Pikel (slow), 4 lemures, Ijyb (confused, slow) and 2 endoplasms.

Vanquished Creatures
  A hound (D:2)
  2 orc priests (D:3)
  7 adders
  A worm (D:3)
  3 dart slugs
  11 orcs
  3 endoplasms
  7 giant cockroaches
  2 hobgoblins (D:1)
  4 jackals
  6 kobolds
  A quokka (D:1)
  3 ball pythons (D:1)
  7 bats
  5 frilled lizards
  3 goblins (D:3)
  7 rats
73 creatures vanquished.

Notes
Turn   | Place    | Note
-------+----------+-------------------------------------------
     0 | D:1      | QueenGhuleh the Djinni Chaos Knight began the quest for the
                  | Orb.
     0 | D:1      | Reached XP level 1. HP: 20/20 MP: 0/0
    43 | D:1      | XOM: smoke on damage
    46 | D:1      | Reached XP level 2. HP: 16/25 MP: 0/0
    49 | D:1      | XOM: divination: magic mapping
    87 | D:1      | XOM: divination: detect creatures
   353 | D:1      | Found Annuameh's Weapon Emporium.
   361 | D:1      | Found Ulapowatz's General Store.
   431 | D:1      | Found Jotish's Distillery.
   499 | D:1      | Found Ofist's Magic Scroll Shop.
   502 | D:1      | Found Syler's Assorted Antiques.
   507 | D:1      | Reached XP level 3. HP: 25/30 MP: 0/0
   507 | D:1      | Learned a level 1 spell: Magic Dart
   510 | D:1      | Reached skill level 3 in Axes
   855 | D:2      | XOM: silly message
  1174 | D:2      | XOM: cast spell 'Cause Fear'
  1179 | D:2      | Reached XP level 4. HP: 30/35 MP: 0/0
  1256 | D:2      | XOM: god gift: +2 kite shield of poison resistance
  1320 | D:2      | XOM: noise
  1405 | D:2      | XOM: enchant monster (good)
  1413 | D:2      | Reached XP level 5. HP: 40/40 MP: 0/0
  1413 | D:2      | Learned a level 2 spell: Searing Ray
  1992 | D:3      | XOM: potion effect (invisibility)
  1995 | D:3      | XOM: snakes to sticks
  2232 | D:3      | Reached XP level 6. HP: 44/46 MP: 0/0
  2254 | D:3      | Reached skill level 4 in Axes
  2319 | D:3      | XOM: swap monsters
  2449 | D:3      | XOM: noise
  2724 | D:3      | XOM: god gift: Xom's Directory of Mastery {god gift}
  2727 | D:3      | Got Xom's Directory of Mastery {god gift}
  3061 | D:4      | Noticed Pikel
  3064 | D:4      | Noticed Ijyb
  3070 | D:4      | XOM: potion effect (might)
  3071 | D:4      | HP: 2/46 [endoplasm (1)]
  3071 | D:4      | Frozen to death by an endoplasm

Illustrated notes

Levels and vault maps discovered:
D:1:      psy_arrival_dodecagon, layout_rooms, serial_shops, shop, shop,
          nicolae_shop_behind_doors, shop, shop
D:2:      layout_loops_corners
D:3:      layout_basic, minmay_misc_feat_enclosed, grunt_decor_cap
D:4:      layout_basic, nicolae_elevator_lobby_asterisk, uniq_ijyb, uniq_pikel

Skill      XL: |  1  2  3  4  5  6 |
---------------+-------------------+-----
Axes           | 3 4 |  4.1
Armour         | 2 |  2.5
Dodging        | 3 |  3.0
Fighting       | |  3.6
Stealth        | |  0.9
Shields        | |  0.8

Action                   |  1- 3 |  4- 6 || total
-------------------------+-------+-------++-------
Melee: Hand axe          |    74 |    96 ||   170
       War axe           |       |    24 ||    24
Evoke: Piece from Xom's  |       |     4 ||     4
 Stab: Paralysed         |       |     1 ||     1
       Invisible         |       |     2 ||     2
       Confused          |       |     2 ||     2
Armor: Leather armour    |     2 |       ||     2
       Ring mail         |    31 |    27 ||    58
       Chain mail        |       |     8 ||     8
Dodge: Dodged            |    44 |    48 ||    92
Block: Kite shield       |       |    68 ||    68
